 Dungeon Crawl Stone Soup version 0.19.1-1-g22dce08 (webtiles) character file.

125 Jynx the Grave Robber (level 4, -2/30 HPs)
             Began as a Vampire Necromancer on Jan 15, 2017.
             Killed from afar by an orc wizard (9 damage)
             ... with a magic dart
             ... on level 3 of the Dungeon.
             The game lasted 00:07:18 (3757 turns).

Jynx the Grave Robber (Vampire Necromancer)         Turns: 3757, Time: 00:07:18

Health: -2/30      AC:  4    Str:  8    XL:     4   Next: 82%
Magic:  1/8        EV: 12    Int: 17    God:
Gold:   112        SH:  0    Dex: 14    Spells: 4 memorised, 1 level left

rFire  + . .     SeeInvis +     j - -2 dagger (curse)
rCold  . . .     Gourm    .     a - +0 robe
rNeg   + . .     Faith    .     (no shield)
rPois  .         Spirit   .     (no helmet)
rElec  .         Reflect  .     g - +1 cloak
rCorr  .         Harm     .     (no gloves)
MR     +....                    (no boots)
Stlth  ++........               (no amulet)
                                e - ring of protection from fire
                                i - ring of protection from magic

@: no status effects
A: fangs 3, see invisible, unbreathing
a: Bat Form


You were on level 3 of the Dungeon.
You were not thirsty.

You visited 1 branch of the dungeon, and saw 3 of its levels.

You collected 112 gold pieces.

Inventory:

Hand Weapons
 j - a cursed -2 dagger (weapon)
Armour
 a - a +0 robe (worn)
 g - a +1 cloak (worn)
Jewellery
 e - a ring of protection from fire (right hand)
 i - a ring of protection from magic (left hand)
Scrolls
 d - a scroll of identify
Potions
 c - 2 potions of blood
 f - a potion of agility
 h - a potion of ambrosia
Books
 b - a book of Necromancy

   Spells                             Type                      Level
   a - Pain                           Necromancy                   1
   b - Animate Skeleton               Necromancy                   1
   c - Vampiric Draining              Necromancy                   3
   d - Regeneration                   Charms/Necromancy            3
   e - Animate Dead                   Necromancy                   4
   f - Control Undead                 Necromancy                   4


   Skills:
 - Level 2.1 Dodging
 - Level 3.0 Stealth
 + Level 3.3 Spellcasting
 * Level 6.0 Necromancy


You had one spell level left.
You knew the following spells:

 Your Spells              Type           Power        Failure   Level  Hunger
a - Pain                  Necr           ###.         1%          1    None
b - Animate Skeleton      Necr           N/A          1%          1    None
c - Vampiric Draining     Necr           ###.......   6%          3    ###....
d - Regeneration          Chrm/Necr      ##........   17%         3    ###....


Dungeon Overview and Level Annotations

Branches:
Dungeon (3/15)

Altars:
Qazlal


Innate Abilities, Weirdness & Mutations

You have razor-sharp teeth.
You have supernaturally acute eyesight. (SInv)
You can survive without breathing.


Message History

Casting: Pain
Confirm with . or Enter, or press ? or * to list all spells.
Aiming: Pain
Press: ? - help, Shift-Dir - straight line, f/p - orc
Aim: an orc, wielding a short sword (almost dead, chance to defeat MR: 92%)
The orc wizard writhes in agony!
The orc wizard barely misses you.
You closely miss the orc wizard.
The orc wizard is severely wounded.
The orc wizard barely misses you.
You hit the orc wizard but do no damage.
The orc wizard is severely wounded.
The orc wizard points at you and mumbles some strange words.
The magic dart hits you!
* * * LOW HITPOINT WARNING * * *
You hit the orc wizard but do no damage.
The orc wizard is severely wounded.
The orc wizard completely misses you.
The orc wizard points at you and mumbles some strange words.
The magic dart hits you!
You die...

#)#.###### #.#.......
#%#.###### #.#.# ### #.#.#
#.. #)#.# #.### #.#.#
#.#.#######.#.#.######
#.#..@..oo.)#.#..#....
########.#.#########.#.##.###
#..........)........).<.....>
##########.#########.#..#.#[.
######.<.....(....#..#.#..
.......).......##.#..#.#..
####...........#..#..#.#..
#.#.#######.#.....#.#.. #.#.
#.#).##.#)#..


You could see an orc wizard and an orc.

Vanquished Creatures
  An orc priest (D:3)
  2 adders
  2 oozes (D:2)
  2 worms
  2 dart slugs (D:1)
  A leopard gecko (D:2)
  9 orcs (D:3)
  2 giant cockroaches (D:1)
  3 goblins
  4 hobgoblins
  4 jackals (D:1)
  3 quokkas
  A ball python (D:1)
  4 bats
  2 frilled lizards
  4 kobolds
  3 rats
49 creatures vanquished.

Notes
Turn   | Place    | Note
-------+----------+-------------------------------------------
     0 | D:1      | Jynx the Vampire Necromancer began the quest for the Orb.
     0 | D:1      | Reached XP level 1. HP: 13/13 MP: 3/3
   458 | D:1      | Reached XP level 2. HP: 18/19 MP: 1/5
  1597 | D:1      | Reached skill level 5 in Necromancy
  1942 | D:2      | Reached XP level 3. HP: 13/24 MP: 0/7
  2965 | D:2      | Learned a level 1 spell: Animate Skeleton
  2969 | D:2      | Learned a level 3 spell: Vampiric Draining
  2987 | D:2      | Reached XP level 4. HP: 27/30 MP: 3/8
  3034 | D:2      | Learned a level 3 spell: Regeneration
  3215 | D:3      | Found a stormy altar of Qazlal.
  3744 | D:3      | Reached skill level 6 in Necromancy
  3757 | D:3      | Killed from afar by an orc wizard

Skill      XL: |  1  2  3  4 |
---------------+-------------+-----
Necromancy     | 5 6 |  6.0
Spellcasting   | 3 |  3.3
Dodging        | |  2.1
Stealth        | |  3.0

Action                   |  1- 3 |  4- 6 || total
-------------------------+-------+-------++-------
Melee: Unarmed           |    46 |     7 ||    53
       Bite              |     4 |     2 ||     6
       Dagger            |       |    20 ||    20
 Cast: Pain              |    79 |    30 ||   109
       Vampiric Draining |       |     3 ||     3
       Animate Skeleton  |       |     1 ||     1
       Regeneration      |       |     1 ||     1
  Use: Scroll            |     3 |     2 ||     5
       Potion            |     1 |       ||     1
  Eat: Corpse            |     4 |     2 ||     6
Armor: Robe              |    12 |     6 ||    18
Dodge: Dodged            |    40 |    23 ||    63
